 Dungeon Crawl Stone Soup version 0.31-a0-810-ga77100ea1a (webtiles) character file.

Game seed: 16913970377475428676

1295 runemasterragnar the Changeling (level 8, -2/68 HPs)
             Began as a Demonspawn Shapeshifter on Sept 21, 2023.
             Was a Plaything of Xom.
             Slain by a boulder beetle (16 damage)
             ... on level 6 of the Dungeon.
             The game lasted 00:06:30 (4568 turns).

runemasterragnar the Changeling (DsSh)              Turns: 4568, Time: 00:06:30

Health: -2/68      AC:  3    Str: 16    XL:     8   Next: 30%
Magic:  8/8        EV: 11    Int: 12    God:    Xom [..*...]
Gold:   177        SH:  0    Dex: 13    Spells: 7/7 levels left

rFire   . .          .
                       - Unarmed
rCold   . . .        (no shield)
rNeg    . . .        i - +0 leather armour
rPois   .            (helmet currently unavailable)
rElec   .            (cloak currently unavailable)
rCorr   .            (gloves currently unavailable)
SInv    .            (boots currently unavailable)
Will    .....        h - amulet of regeneration
Stlth   +            (no ring)
HPRegen 1.11/turn    (no ring)
MPRegen 0.11/turn

%: no passive effects
@: beast-form
A: beast (slay +3), hooves 1, spiny 3, mutation resistance 1, robust 1
a: Begin Untransformation, Renounce Religion


You were on level 6 of the Dungeon.
You worshipped Xom.
You were a toy of Xom.
You were a hulking beast.
You visited 1 branch of the dungeon, and saw 8 of its levels.
You also visited: Sewer.

You collected 261 gold pieces.
You spent 84 gold pieces at shops.

Inventory:

Missiles
 o - 21 poisoned darts
Armour
 i - a +0 leather armour (worn)
 u - a +1 helmet
Jewellery
 h - an amulet of regeneration (around neck)
 l - a ring of ice
 v - a ring of see invisible
 B - a ring of resist corrosion
Talismans
 c - a beast talisman (active)
 d - a flux talisman
 g - a blade talisman
Wands
 m - a wand of iceblast (6)
 p - a wand of paralysis (16)
 x - a wand of flame (12)
Scrolls
 a - a scroll of fear
 q - 3 scrolls of teleportation
 y - a scroll of revelation {unknown}
 z - a scroll of blinking {unknown}
 A - a scroll of summoning {unknown}
 C - a scroll of noise {unknown}
 E - a scroll of identify
Potions
 b - 3 potions of haste {unknown}
 e - 2 potions of curing
 f - 4 potions of heal wounds
 j - 4 potions of attraction
 k - 2 potions of invisibility
 n - 2 potions of brilliance
 r - 2 potions of cancellation
 s - 4 potions of magic
 t - 2 potions of mutation
 w - a potion of enlightenment {unknown}
 D - a potion of might {unknown}


   Skills:
 + Level 5.1 Fighting
 - Level 1.7 Dodging
 + Level 5.4 Unarmed Combat
 * Level 6.4 Shapeshifting


You had 7 spell levels left.
You didn't know any spells.
Your spell library contained the following spells:

 Spells                   Type           Power      Damage    Failure   Level
 Scorch                   Fire           0%         2d5       52%         2
 Inner Flame              Hex/Fire       0%         N/A       77%         3
 Flame Wave               Conj/Fire      0%         2d4       99%         4
 Sticky Flame             Conj/Fire      0%         2d3       99%         4
 Summon Cactus Giant      Summ           0%         N/A       100%        6


Dungeon Overview and Level Annotations

Branches:
Dungeon (8/15)              Sewer (visited)
 Temple: D:4-7         Lair: D:8-11

Altars:
Ru
Trog
Vehumet
Xom

Shops:
D:4 **   D:5 *

Annotations:
D:7 Dowan, Duvessa


Innate Abilities, Weirdness & Mutations

You are a hulking beast.
Your limbs bulge with bestial killing power. (Slay +3)
You have large cloven feet.
You are completely covered in sharp spines.
You are somewhat resistant to further mutation.
You are robust. (+10% HP)


Message History

The helpless boulder beetle fails to defend itself.
You hit the boulder beetle but do no damage.
You kick the boulder beetle, but do no damage.
The boulder beetle is moderately wounded.
The helpless boulder beetle fails to defend itself.
You hit the boulder beetle but do no damage.
You kick the boulder beetle, but do no damage.
The boulder beetle is moderately wounded.
Okay, then.
Aiming: Iceblast
Press: ? - help, Shift-Dir - straight line, p - boulder beetle
Okay, then.
The helpless boulder beetle fails to defend itself.
You hit the boulder beetle.
The boulder beetle is moderately wounded.
Something hits the withered plant.
The withered plant begins to crumble.
The helpless boulder beetle fails to defend itself.
You hit the boulder beetle.
The boulder beetle is heavily wounded.
The boulder beetle is no longer paralysed.
The boulder beetle bites you!
You hit the boulder beetle but do no damage.
You kick the boulder beetle, but do no damage.
The boulder beetle is moderately wounded.
An orc wizard comes into view. It is wielding a +0 dagger.
The boulder beetle bites you!
The boulder beetle attacks as it pursues you!
The boulder beetle bites you!!
* * * LOW HITPOINT WARNING * * *
Aiming: Iceblast
Press: ? - help, Shift-Dir - straight line, p - boulder beetle The mass of ice explodes!
The iceblast engulfs the boulder beetle.
The boulder beetle is heavily wounded.
The iceblast engulfs the adder!!
You kill the adder!
You hear a shout!
The boulder beetle bites you!
You die...
Xom is highly amused!

..## ...#
...# ...#
_..# †..#
##)..#
#B..####.
#h#....oP
#...#####
#.### #.#.
#.# #... #.#
#..# #.#
#..#
#.#######..#
#......##..#
######.##..#


You could see a boulder beetle.

Vanquished Creatures
  A water moccasin (D:5)
  A centaur (D:5)
  A phantom (D:4)
  2 kobold brigands (Sewer)
  A bullfrog (D:4)
  A scorpion (D:6)
  4 wights (D:6)
  A howler monkey (D:6)
  4 jellies
  2 hounds
  2 iguanas (D:5)
  Ijyb (D:3)
  Natasha (twice) (D:2)
  An orc wizard (D:6)
  5 gnolls
  6 adders
  2 ufetubi
  2 worms
  2 dart slugs
  An orc (D:6)
  15 ball pythons
  11 bats
  3 endoplasms
  5 giant cockroaches
  2 hobgoblins
  4 jackals (D:1)
  6 quokkas
  7 frilled lizards
  4 goblins
  22 kobolds
  5 rats
126 creatures vanquished.

Notes
Turn   | Place    | Note
-------+----------+-------------------------------------------
     0 | D:1      | runemasterragnar the Demonspawn Shapeshifter began the
                  | quest for the Orb.
     0 | D:1      | Reached XP level 1. HP: 15/15 MP: 1/1
   129 | D:1      | Found a faded altar of an unknown god.
   172 | D:1      | Gained mutation: You are partially covered in sharp spines.
                  | [demonic ancestry]
   172 | D:1      | Reached XP level 2. HP: 9/21 MP: 2/2
   259 | D:1      | Reached skill level 3 in Shapeshifting
   337 | D:1      | Gained mutation: You have large cloven feet. [demonic
                  | ancestry]
   337 | D:1      | Reached XP level 3. HP: 22/27 MP: 3/3
  1635 | D:2      | Noticed Natasha
  1642 | D:2      | Killed Natasha
  1643 | D:2      | Reached XP level 4. HP: 17/34 MP: 4/4
  1684 | D:2      | Noticed Natasha
  1689 | D:2      | Killed Natasha
  1729 | D:3      | Noticed Ijyb
  1743 | D:3      | Paralysed by Ijyb for 3 turns
  1751 | D:3      | Killed Ijyb
  1752 | D:3      | Reached XP level 5. HP: 36/39 MP: 5/5
  1928 | D:3      | Found a bloodstained altar of Trog.
  2560 | D:4      | Found Foqim's Specific Store.
  2565 | D:4      | Reached skill level 4 in Shapeshifting
  2576 | D:4      | Gained mutation: You are mostly covered in sharp spines.
                  | [demonic ancestry]
  2576 | D:4      | Reached XP level 6. HP: 47/47 MP: 6/6
  2591 | D:4      | Found a glowing drain.
  2600 | Sewer    | Entered a sewer
  2863 | D:4      | Found Eteh's General Store.
  2961 | D:4      | Reached skill level 5 in Shapeshifting
  2961 | D:4      | Reached XP level 7. HP: 50/53 MP: 7/7
  3419 | D:4      | Found a radiant altar of Vehumet.
  3424 | D:4      | Found a shimmering altar of Xom.
  3528 | D:4      | Became a worshipper of Xom of Chaos
  3583 | D:5      | Entered Level 5 of the Dungeon
  3821 | D:5      | XOM: potion effect (brilliance)
  3826 | D:5      | Reached skill level 5 in Unarmed Combat
  3832 | D:5      | XOM: silly message
  4005 | D:5      | Found Cekhyed's General Store.
  4012 | D:5      | Bought a scroll of identify for 28 gold pieces
  4012 | D:5      | Bought a potion of brilliance for 56 gold pieces
  4189 | D:5      | XOM: torment (29/55 hp)
  4242 | D:5      | Gained mutation: You are robust. (+10% HP) [potion of
                  | mutation]
  4242 | D:5      | Gained mutation: You are somewhat resistant to further
                  | mutation. [potion of mutation]
  4306 | D:6      | Reached skill level 6 in Shapeshifting
  4306 | D:6      | Gained mutation: You are completely covered in sharp
                  | spines. [demonic ancestry]
  4306 | D:6      | Reached XP level 8. HP: 38/67 MP: 8/8
  4307 | D:6      | XOM: divination: detect items
  4317 | D:6      | Reached skill level 5 in Fighting
  4374 | D:6      | XOM: enchant monster (good)
  4467 | D:6      | You fall into a shaft and drop 2 floors!
  4481 | D:8      | Noticed a two-headed ogre
  4496 | D:8      | XOM: summons friendly quasit
  4505 | D:7      | Noticed Duvessa
  4505 | D:7      | Noticed Dowan
  4547 | D:6      | Found a sacrificial altar of Ru.
  4548 | D:6      | Noticed a boulder beetle
  4552 | D:6      | XOM: noise
  4568 | D:6      | Slain by a boulder beetle

Illustrated notes

Levels and vault maps discovered:
D:1:      dpeg_arrival_oval, layout_basic, chequers_ecumenical_altar_simple,
          minmay_tetromino_o4
D:2:      layout_basic, uniq_natasha
D:3:      layout_loops_corners, bloody_trog, chequers_arboretum, uniq_ijyb
D:4:      layout_rooms, zin_treasury, minitemple, portal_sewer_entry_d,
          nicolae_specific_store
D:5:      layout_loops_cross, serial_shops, shop
D:6:      layout_loops_ring, kiku_gazebo_garden_becter,
          minmay_temple_entry_offerings, serial_shops,
          nicolae_shop_just_a_little_nook, hangedman_feature_mirror
D:7:      wander_river, layout_cave_pools, uniq_duvessa
D:8:      nicolae_moon_pools, layout_gridville

Skill      XL: |  1  2  3  4  5  6  7  8 |
---------------+-------------------------+-----
Unarmed Combat | 3 4 5 |  5.4
Shapeshifting  | 3 4 5 6 |  6.4
Fighting       | 2 3 4 5 |  5.1
Dodging        | |  1.7

Action                     |  1- 3 |  4- 6 |  7- 9 || total
---------------------------+-------+-------+-------++-------
  Melee: Unarmed           |    78 |    87 |    89 ||   254
         Kick              |    11 |    24 |    32 ||    67
         Punch             |       |     1 |       ||     1
  Evoke: Wand              |       |       |     3 ||     3
    Use: Scroll            |     5 |     4 |     2 ||    11
         Potion            |       |     1 |     1 ||     2
   Stab: Sleeping          |     1 |     1 |       ||     2
         Paralysed         |       |       |    11 ||    11
         Petrified         |       |       |     3 ||     3
 Armour: Animal skin       |    20 |       |       ||    20
         Leather armour    |    28 |    47 |    46 ||   121
         Skin              |       |    10 |       ||    10
  Dodge: Dodged            |    43 |    51 |    32 ||   126

Table legend: (Time is in decaauts)
 A = Elapsed time spent in this place.
 B = Non-inter-level travel time spent in this place.
 C = Inter-level travel time spent in this place.
 D = Time resting spent in this place.
 E = Time spent auto-exploring this place.
 F = Levels seen in this place.
 G = Mean time per level.
                   A        B        C        D        E       F      G
               +--------+--------+--------+--------+--------+-----+--------+
         Total |   4583 |   4367 |    216 |    415 |   3089 |   9 |  509.2 |
       Dungeon |   4326 |   4110 |    216 |    415 |   2936 |   8 |  540.8 |
         Sewer |    256 |    256 |      0 |      0 |    153 |   1 |  256.0 |
               +--------+--------+--------+--------+--------+-----+--------+

Top non-repeatable levels by time:
     D:1: 1143 daAuts
     D:4: 838 daAuts
     D:3: 803 daAuts
     D:5: 686 daAuts
     D:2: 564 daAuts
   Sewer: 256 daAuts
     D:6: 250 daAuts
     D:8: 37 daAuts
     D:7: 2 daAuts
